Map: Galactic Process LE

Players

Mark - Winner!

  • Race: Zerg Zerg
  • Spawn Location: 7:00

Amix

  • Race: Terran Terran
  • League: Platinum
  • Spawn Location: 1:00

VOD

Have the link to the VOD?

Description

Time

  • Played on: Nov. 20, 2016, 12:11 p.m.
  • Length: 6:58
Show
View Real Time Build Order
Export as new Build Order

Mark Zerg - Winner!

Build Orders: Pool First 

Get SALT Encoding   

  12  0:01  Drone  
  13  0:08  Drone  
  14  0:16  Overlord  
  14  0:35  Drone x2  
  16  0:44  Spawning Pool  
  16  0:45  Drone  
  16  1:09  Hatchery  
  15  1:17  Drone  
  15  1:18  Drone  
  17  1:23  Extractor  
  16  1:35  Queen  
  16  1:38  Zergling x4  
  20  1:49  Zergling x2  
  21  2:01  Drone  
  22  2:02  Overlord  
  22  2:23  Drone, Queen  
  25  2:30  Zergling x4  
  27  2:39  Roach Warren  
  27  2:41  Baneling Nest  
  27  2:43  Zergling x2  
  26  2:47  Zergling x4  
  26  2:48  Zergling x2  
  29  3:05  Overlord x2  
  29  3:08  Zergling x2  
  30  3:24  Drone  
  31  3:31  Zergling x2  
  31  3:32  Zergling x6  
  35  3:47  Extractor  
  34  3:49  Roach x3  
  34  3:55  Metabolic Boost  
  40  4:09  Zergling x2  
  41  4:10  Zergling x4  
  43  4:17  Drone  
  43  4:20  Overlord  
  44  4:40  Evolution Chamber  
  44  4:45  Zergling x8  
  47  4:59  Spore Crawler  
  46  5:06  Ravager x3  
  49  5:10  Zergling x2  
  49  5:11  Zergling x4  
  52  5:17  Overlord  
  50  5:54  Baneling x7  
Show
View Real Time Build Order
Export as new Build Order

Amix Terran 

Build Orders:  

Get SALT Encoding   

  12  0:01  SCV  
  13  0:14  Supply Depot  
  13  0:18  SCV  
  14  0:30  SCV  
  15  0:43  Barracks  
  15  0:44  SCV  
  16  0:50  Refinery  
  16  0:56  SCV  
  17  1:08  SCV  
  18  1:20  SCV, Engineering Bay  
  19  1:30  Supply Depot  
  19  1:32  SCV  
  20  1:44  SCV  
  21  1:58  Command Center  
  21  2:06  Orbital Command  
  21  2:14  Marine  
  22  2:23  Barracks  
  22  2:32  Marine  
  22  2:33  Terran Infantry Weapons Level 1  
  22  2:36  Refinery  
  23  2:37  SCV  
  24  2:59  Bunker  
  24  3:11  Barracks  
  24  3:21  Barracks  
  24  3:28  SCV  
  24  3:33  Orbital Command  
  25  3:44  Marine x2  
  27  4:02  Marine  
  28  4:07  Barracks Tech Lab  
  28  4:10  Barracks Tech Lab  
  28  4:20  Marine  
  29  4:25  Engineering Bay  
  29  4:26  SCV x2  
  31  4:38  SCV x2  
  33  4:43  Missile Turret  
  33  4:48  Marauder, Marine  
  33  4:50  SCV x2, Missile Turret  
  38  4:54  Engineering Bay  
  38  5:06  Marine  
  39  5:10  Marauder  
  41  5:15  SCV  
  41  5:18  Factory  
  41  5:19  Factory  
  41  5:41  Barracks  
  41  5:47  Missile Turret  
  41  5:50  SCV x2  
  41  5:53  Marauder, Marine  
  46  6:04  Factory Reactor  
  46  6:05  Factory Reactor  
  46  6:09  Supply Depot  
  46  6:31  Marauder, SCV x2  
  43  6:43  SCV x2  
Tags
 
Add a new tag
Caveats
  • Supply blocks, unpowered buildings, or Contaminate may cause inaccurate times.
  • Supply counts are checked every 10 seconds.